 Dungeon Crawl Stone Soup version 0.23.2 (webtiles) character file.

Game seed: 9917531286750491775

116 sanboga the Skirmisher (level 5, 30/33 HPs)
             Began as a Gargoyle Berserker on Mar 31, 2019.
             Was a Believer of Trog.
             Quit the game on level 2 of the Dungeon.
             The game lasted 00:02:13 (1413 turns).

sanboga the Skirmisher (Gargoyle Berserker)         Turns: 1413, Time: 00:02:14

Health: 30/33      AC: 17    Str: 21 (22) XL:     5   Next: 1%
Magic:  5/5        EV:  8    Int:  7      God:    Trog [**....]
Gold:   107        SH:  0    Dex:  9      Spells: 4/4 levels left

rFire    . . .     SeeInvis .   a - +0 hand axe
rCold    . . .     Gourm    .   (no shield)
rNeg     + . .     Faith    .   g - +0 chain mail
rPois    ∞         Spirit   .   (no helmet)
rElec    +         Reflect  .   (no cloak)
rCorr    .         Harm     .   h - +1 pair of gloves
MR       .....                  (no boots)
Stlth    ..........             (no amulet)
HPRegen  0.11/turn              (no ring)
MPRegen  0.09/turn              (no ring)

@: no status effects
A: hooves 1, iridescent scales 1, deterioration 1, negative energy resistance 1,
electricity resistance, unbreathing, petrification resistance, rot immunity, AC
+4
a: Berserk, Trog's Hand, Renounce Religion


You were on level 2 of the Dungeon.
You worshipped Trog.
Trog was pleased with you.
You were not hungry.

You visited 1 branch of the dungeon, and saw 2 of its levels.

You collected 107 gold pieces.

Inventory:

Hand Weapons
 a - a +0 hand axe (weapon)
Armour
 g - a +0 chain mail (worn)
 h - a +1 pair of gloves (worn)
Potions
 d - a potion of lignification {unknown}
 e - a potion of curing
Comestibles
 c - a ration
 f - 14 chunks of flesh


   Skills:
 + Level 4.1 Fighting
 * Level 4.0 Axes
 + Level 3.3 Armour
 - Level 1.5 Dodging


You had 4 spell levels left.
You didn't know any spells.
Your spell library was empty.

Dungeon Overview and Level Annotations

Branches:
Dungeon (2/15)

Altars:
Cheibriados


Innate Abilities, Weirdness & Mutations

You are resistant to torment.
Your stone body is resilient. (AC +4)
You are immune to poison.
You resist negative energy. (rN+)
You are resistant to electric shocks. (rElec)
You can survive without breathing.
You are immune to petrification.
You are immune to rotting.
You have large cloven feet.
You are partially covered in iridescent scales. (AC +2)
Your body sometimes deteriorates upon taking damage.


Message History

An adder is nearby!
An adder is nearby!
Found a stone staircase leading down.
You hit the adder but do no damage. The adder barely misses you.
You hit the adder.
The adder is heavily wounded.
The adder barely misses you. The adder closely misses you.
You hit the adder. Your kick misses the adder.
The adder is heavily wounded.
The adder barely misses you.
You hit the adder. You kick the adder.
The adder is almost dead.
The adder bites you.
Your body deteriorates!
You feel weakened. The adder bites you but does no damage.
You slash the adder!
You kill the adder!
Trog accepts your kill.
You have reached level 5!
Are you sure you want to abandon this character and quit the game? (Confirm with "yes".)

. ..############
..............
.#############......####
>......@.........)......
########.#####......####
#.# ######## # #.# # #.#
#.# ###############.#
#...............#
####.##############


There were no monsters in sight!

Vanquished Creatures
  3 gnolls (D:2)
  4 adders (D:2)
  An ooze (D:1)
  3 worms (D:2)
  A dart slug (D:2)
  2 giant cockroaches
  3 goblins (D:2)
  3 hobgoblins
  3 jackals (D:2)
  3 bats
  2 frilled lizards (D:2)
  7 kobolds
  4 rats
39 creatures vanquished.

Notes
Turn   | Place    | Note
-------+----------+-------------------------------------------
     0 | D:1      | sanboga the Gargoyle Berserker began the quest for the Orb.
     0 | D:1      | Reached XP level 1. HP: 14/14 MP: 1/1
   258 | D:1      | Reached XP level 2. HP: 14/19 MP: 2/2
   382 | D:1      | Found a snail-covered altar of Cheibriados.
   809 | D:2      | Reached XP level 3. HP: 16/23 MP: 3/3
  1172 | D:2      | Reached XP level 4. HP: 28/29 MP: 4/4
  1226 | D:2      | Reached ** piety under Trog
  1250 | D:2      | Gained mutation: Your body sometimes deteriorates upon
                  | taking damage. [potion of mutation]
  1250 | D:2      | Gained mutation: You are partially covered in iridescent
                  | scales. (AC +2) [potion of mutation]
  1250 | D:2      | Gained mutation: You have large cloven feet. [potion of
                  | mutation]
  1412 | D:2      | Reached XP level 5. HP: 29/33 MP: 5/5
  1413 | D:2      | Quit the game

Skill      XL: |  1  2  3  4 |
---------------+-------------+-----
Axes           | 3 4 |  4.0
Armour         | 3 |  3.3
Fighting       | 4 |  4.1
Dodging        | |  1.5

Action                   |  1- 3 |  4- 6 || total
-------------------------+-------+-------++-------
Melee: Hand axe          |   108 |    57 ||   165
       Kick              |       |     4 ||     4
Invok: Berserk           |     1 |       ||     1
  Use: Scroll            |     3 |       ||     3
       Potion            |     1 |     1 ||     2
 Stab: Sleeping          |     1 |       ||     1
  Eat: Chunk             |     2 |     1 ||     3
Armor: Animal skin       |    42 |    15 ||    57
       Chain mail        |       |     2 ||     2
Dodge: Dodged            |    90 |    44 ||   134
